Rogue, chaotic male human Rogue -----}}}.....}}}}}}.}.....}}}}}..................}}}}.....}}}........ |....}}.}}}}}}}}}}}.}.....}}}}}..................}}}}..}}}}}}............ |....}}}}}}}}}}}..........}}}}}..................}}}.}}}}}}}}.............. |.....}}}}}}}.}}}!........}}}....................C}}.}}}}}}}}............... |......}}}}}}}}}}.........}}}....................}}}}}}}.}}}................ |........}}.}.}}}.........}}}....................}}.}}}}.................... |.<.....}}}}..............}}}}}}..................}}}}}}................... |......}}}}}}.............}}}}}}.................}}}}}}}................... |......}.}}}}.............}.}.}}}...............h}}}}}}..................... |......}}}.................}}}}}}...............}}}}}p}}.................... |......}}}.....................}}}}}}}}.}}..}}}}}}}}}}}..................... |.......}}}}.................}}}}}}}}}}}}}}}}}.}}}}}....................... |......}}}}}...................}}}}}}}}}}}}}.}}}}}}}}............a@........ |......}}}}}......................}}}}}}}}....}}}}}}}...................... |.......}.}}}.......................}}}}}}.....}}}}}}..................... |.......}}}}........................}}}}}}.....}}}}}.}.................... |.......}}}}........................}}}}}.......}}}}}}}}..}}............... |.......}}}}........................}}}}}.......}}}}}}}}}}}}}.............. |.......}}}.........................}}}}}.......}}}}.}.}}}}}}.............. |.......}.}..........................}}}}........}}}..}}}}}}}............ --------}}}..*...........?............}}}..............}}.}}}........>. Rogue the Rogue Experience level: 7 Strength: 11 Dexterity: 18 Constitution: 11 Intelligence: 9 Wisdom: 11 Charisma: 12 Health: 0(48) Energy: 31(31) AC: 6 Gold: 409 Moves: 2917 Your Inventory: Coins $ - 409 gold pieces Weapons b - 9 uncursed +0 daggers named DAGGER (in quiver) h - 3 [uncursed +0] darts x - an [uncursed +2] crude dagger [orcish] (weapon in hand) Armor c - an uncursed +1 leather armor (being worn) v - a [blessed] +0 iron skull cap [orcish helm] (being worn) Comestibles g - 4 [uncursed] food rations Scrolls k - a [cursed] scroll labeled THARR [of identify] n - 2 [uncursed] scrolls labeled VERR YED HORRE [of enchant weapon] o - an [uncursed] scroll labeled ASHPD [of teleportation] r - an [uncursed] scroll labeled READ ME [of food detection] w - an [uncursed] scroll labeled THARR [of identify] Spellbooks i - a [cursed] dusty spellbook [of detect treasure] t - an [uncursed] psychedelic spellbook [of magic missile] Potions d - an uncursed potion of sickness s - an [uncursed] potion called monster detection [of monster detection] u - an [uncursed] potion called unholy water [of water] z - a [cursed] icy potion [of extra healing] Tools e - an uncursed lock pick f - an uncursed sack A - an [uncursed] lock pick Gems j - an [uncursed] white gem [worthless glass] Spells known in the end: Name Level Category Fail Memory Your skills at the end: Fighting Skills Weapon Skills dagger [Skilled / Expert] short sword [Basic / Expert] Spellcasting Skills Final Attributes: You were piously aligned. Hunger level was 197. Your alignment was 24 / 24. Monster difficulty range was 1 - 6. Level difficulty was 6. You were stealthy. You were lucky (1). You are dead. Vanquished creatures: a blue jelly a yellow light a kobold mummy a gray ooze 5 elf zombies 2 giant ants a little dog a floating eye a kobold lord a rothe an orc zombie 2 dwarf zombies an acid blob 2 coyotes a gas spore a hobbit 4 manes 2 large kobolds a hobgoblin 6 giant rats a cave spider 4 yellow molds 2 geckos 3 jackals a kobold a goblin 8 grid bugs 4 bats 5 lichens a kobold zombie 10 newts 76 creatures vanquished. Voluntary challenges: You were an atheist. You used a wielded weapon 5 times. You read items or engraved 1 time. You put on armor 2 times. You never genocided any monsters. You never polymorphed an object. You never changed form. You used no wishes. You never wrote Elbereth's name. You never encountered a bones level. You never used any Sokoban shortcuts. Dungeon overview: The Dungeons of Doom: levels 1 to 7 Level 1 a fountain, a sink a long staircase Level 3 some fountains Level 4 some sinks Level 5 many fountains Level 6 a long staircase Level 7 stairs to Town Town: Level 6 <- You were here stairs to The Dungeons of Doom History has recorded: On T:1 you entered the Dungeons of Doom to retrieve the Amulet of Yendor! On T:392 you advanced to experience level 2. On T:550 you reached level 2 of The Dungeons of Doom. On T:836 you advanced to experience level 3. On T:946 you advanced to experience level 4. On T:1038 you reached level 3 of The Dungeons of Doom. On T:1353 you advanced to experience level 5. On T:1686 you reached level 4 of The Dungeons of Doom. On T:1927 you advanced to experience level 6. On T:2002 you reached level 5 of The Dungeons of Doom. On T:2328 you reached level 6 of The Dungeons of Doom. On T:2556 you advanced to experience level 7. On T:2775 you reached level 7 of The Dungeons of Doom. On T:2854 you reached level 3 of Town. Latest messages: You kill the yellow light! You see here a food ration. g - a food ration. b - an uncursed +0 dagger named DAGGER (in quiver). b - 3 uncursed +0 daggers named DAGGER (in quiver). You have a little trouble lifting b - 2 uncursed +0 daggers named DAGGER (in quiver). Your movements are slowed slightly because of your load. [2 turns] (3x) You see here a partly eaten rothe corpse. You resume your meal. You finish eating the rothe corpse. [5 turns] [2 turns] The soldier ant just misses! The soldier ant stings! The soldier ant bites! The soldier ant stings! The soldier ant bites! The soldier ant stings! The soldier ant's sting was poisoned! You hear the howling of the CwnAnnwn... You die... Final status: Goodbye Rogue the Rogue... You died in Town on dungeon level 6 with 2905 points, and 409 pieces of gold, after 2917 moves. You were level 7 with a maximum of 48 hit points when you died.